AoeStats
← Chiripa605

Fortress

510115797Analyzed
4v4 RM · 2d ago on Sep 29, 2026· 34m 9s· 8 players
Game mode
Random Map
Map size
Huge
Population
200
Speed
Normal
Resources
Standard
Victory
Conquest
Starting age
Dark Age
Ending age
Imperial Age
RankedLock teamsTeams togetherTeam positionsShared explorationLock speedFull tech treeHidden civsTurbo modeCheats
Victory
Defeat
🇨🇳 Hindustanis · China
1492
+13
🇵🇪 Saxons · Peru
1463
+14
🇺🇸 Armenians · United States
1417
+16
🇨🇱 Byzantines · Chile
1398
+17
🇩🇪 Burmese · Germany
1443
-16
🇨🇴 Japanese · Colombia
1438
-16
🇩🇪 Mapuche · Germany
1408
-14
🇩🇪 Burgundians · Germany
1386
-14
Volrath
7:03 Feudal Age
11:06 Castle Age
9:06 Double-Bit Axe
9:50 Arson
10:09 Scale Mail Armor
11:15 Horse Collar
11:59 Bow Saw
12:40 Chain Mail Armor
15:13 Squires
27:20 Loom
34:43 Imperial Age
32:57 Forging
32:59 Town Watch
33:55 Heavy Plow
GOGO
2:24 Double-Bit Axe
5:25 Horse Collar
9:37 Feudal Age
13:42 Castle Age
11:56 Bow Saw
11:50 Heavy Plow
12:29 Wheelbarrow
11:48 Gold Mining
15:53 Two-Man Saw
15:58 Hand Cart
19:04 Burgundian Vineyards
20:47 Loom
23:59 Crop Rotation
27:27 Imperial Age
25:24 Husbandry
24:45 Cavalier
25:42 Forging
25:32 Scale Mail Armor
27:00 Iron Casting
26:31 Scale Barding Armor
27:43 Paladin
27:44 Light Cavalry
29:51 Guilds
29:10 Hussar
31:29 Blast Furnace
31:48 Chain Barding Armor
Skipper
7:18 Feudal Age
9:34 Loom
10:00 Horse Collar
12:33 Castle Age
13:30 Heavy Plow
16:16 Wheelbarrow
18:37 Gold Mining
25:10 Imperial Age
23:51 Hand Cart
23:31 Fletching
24:01 Bloodlines
23:51 Husbandry
24:29 Bodkin Arrow
26:45 Gold Shaft Mining
26:04 Stone Mining
26:43 Scale Barding Armor
26:49 Forging
28:24 Conscription
28:05 Manipur Cavalry
27:59 Elite Battle Elephant
28:42 Scale Mail Armor
28:44 Squires
28:44 Town Watch
30:00 Iron Casting
30:12 Chain Barding Armor
31:12 Chemistry
30:44 Town Patrol
31:59 Blast Furnace
INSIDIOUS
9:03 Feudal Age
9:50 Double-Bit Axe
12:46 Castle Age
11:26 Horse Collar
14:04 Bow Saw
15:50 Wheelbarrow
15:39 Heavy Plow
15:33 Loom
18:46 Stone Mining
23:27 Hand Cart
23:31 Town Watch
27:37 Imperial Age
24:59 Fletching
25:10 Padded Archer Armor
25:44 Ballistics
25:26 Gold Mining
26:07 Masonry
26:21 Bodkin Arrow
26:41 Leather Archer Armor
28:00 Malon
28:24 Butalmapu
28:40 Conscription
28:54 Ring Archer Armor
29:31 Chemistry
29:47 Hoardings
28:50 Elite Bolas Rider
29:46 Town Patrol
enzoyin68
7:32 Feudal Age
8:18 Double-Bit Axe
11:13 Castle Age
8:57 Horse Collar
9:20 Horse Collar
12:20 Bow Saw
12:15 Heavy Plow
17:26 Wheelbarrow
20:55 Hand Cart
20:55 Grand Trunk Road
21:12 Loom
25:18 Imperial Age
23:36 Gold Mining
23:37 Stone Mining
24:00 Scale Barding Armor
24:06 Forging
24:27 Husbandry
24:38 Bloodlines
25:04 Chain Barding Armor
25:34 Gold Shaft Mining
25:34 Stone Shaft Mining
26:37 Iron Casting
25:40 Heavy Camel Rider
26:43 Conscription
27:33 Chemistry
27:44 Siege Engineers
27:49 Masonry
28:52 Two-Man Saw
27:49 Imperial Camel Rider
29:57 Plate Barding Armor
29:24 Scale Mail Armor
29:55 Ballistics
30:44 Blast Furnace
29:50 Padded Archer Armor
31:27 Light Cavalry
32:19 Hussar
33:30 Caravan
Chiripa605
7:18 Feudal Age
10:59 Castle Age
9:21 Double-Bit Axe
10:29 Horse Collar
12:07 Bow Saw
14:19 Loom
15:45 Heavy Plow
18:36 Fletching
19:11 Gold Mining
19:21 Bodkin Arrow
21:29 Padded Archer Armor
22:20 Wheelbarrow
22:41 Ballistics
27:20 Imperial Age
25:27 Hand Cart
27:20 Gold Shaft Mining
26:37 Town Watch
27:22 Treadmill Crane
27:50 Stone Mining
28:06 Bracer
29:08 Chemistry
28:32 Conscription
29:52 Leather Archer Armor
29:36 Gambesons
29:12 Man-at-Arms
29:52 Squires
29:56 Scale Mail Armor
30:08 Arson
30:30 Fereters
30:29 Long Swordsman
31:37 Chain Mail Armor
31:15 Two-Handed Swordsman
33:00 Plate Mail Armor
32:26 Champion
33:27 Forging
Pukaso
6:21 Feudal Age
12:05 Castle Age
10:36 Double-Bit Axe
10:33 Horse Collar
12:24 Loom
13:26 Bow Saw
13:56 Heavy Plow
15:27 Wheelbarrow
15:25 Gold Mining
17:25 Man-at-Arms
18:16 Forging
18:24 Long Swordsman
20:01 Fletching
20:13 Scale Mail Armor
23:55 Hand Cart
24:20 Chain Mail Armor
24:19 Arson
32:58 Imperial Age
30:27 Stone Mining
32:01 Iron Casting
31:14 Gambesons
31:29 Squires
32:36 Ballistics
32:41 Bodkin Arrow
33:36 Gold Shaft Mining
33:03 Shield Wall
34:17 Plate Mail Armor
33:14 Capped Ram
_Mewtwo
7:12 Feudal Age
11:23 Castle Age
9:44 Double-Bit Axe
10:10 Horse Collar
12:18 Bow Saw
17:26 Wheelbarrow
21:53 Imperial Age
19:33 Heavy Plow
19:22 Loom
19:54 Fletching
19:57 Gold Mining
20:34 Bodkin Arrow
21:02 Ballistics
20:35 Crossbowman
22:01 Padded Archer Armor
22:03 Arbalester
23:01 Bracer
24:35 Chemistry
25:59 Thumb Ring
26:55 Hand Cart
27:14 Leather Archer Armor
28:25 Ring Archer Armor
29:31 Conscription
31:26 Crop Rotation
33:19 Two-Man Saw
34:08 Scale Barding Armor
33:25 Elite Cataphract
34:08 Caravan
Connection lost

Rejoining the realm…

Still unreachable

The connection could not be restored.

Session expired

The server has moved on; the page needs a fresh start.